 Dungeon Crawl Stone Soup version 0.25-a0-2-g6559c6c67a (webtiles) character file.

Game seed: 7643643535060541869, levelgen mode: deterministic

60 Conn the Bolt Thrower (level 3, -4/30 HPs)
             Began as a Minotaur Hunter on Oct 14, 2019.
             Killed from afar by Sigmund (8 damage)
             ... with a magic dart
             ... on level 3 of the Dungeon.
             The game lasted 00:05:06 (1710 turns).

Conn the Bolt Thrower (Minotaur Hunter)             Turns: 1710, Time: 00:05:07

Health: -4/30      AC:  3    Str: 17    XL:     3   Next: 82%
Magic:  2/2        EV: 17    Int:  8    God:
Gold:   163        SH:  0    Dex: 15    Spells: 2/2 levels left

rFire    . . .     SeeInvis .   a - +2 mace (protect)
rCold    . . .     Gourm    .   (no shield)
rNeg     . . .     Faith    .   c - +0 leather armour
rPois    .         Spirit   .   (helmet restricted)
rElec    .         Reflect  .   (no cloak)
rCorr    .         Harm     .   (no gloves)
MR       .....                  (no boots)
Stlth    +++.......             (no amulet)
HPRegen  0.00/turn              (no ring)
MPRegen  0.08/turn              (no ring)

@: agile, flying
A: retaliatory headbutt, fangs 1, horns 2, sense surroundings 1, inhibited
regeneration
a: no special abilities


You were on level 3 of the Dungeon.
You were hungry.

You visited 1 branch of the dungeon, and saw 3 of its levels.

You collected 163 gold pieces.

Inventory:

Hand Weapons
 a - a +2 mace of protection (weapon)
 b - a +1 hand crossbow
 h - a +0 war axe of venom
 j - a +0 short sword
 r - a +1 hand axe of chopping
Missiles
 d - 20 bolts
 g - 65 stones
 m - 7 javelins (quivered)
Armour
 c - a +0 leather armour (worn)
Wands
 q - a wand of flame (7)
Scrolls
 e - 2 scrolls of identify
 i - 3 scrolls of remove curse {unknown}
 o - a scroll of noise {unknown}
Potions
 n - a potion of mutation
Comestibles
 f - 3 rations


   Skills:
 * Level 2.9 Fighting
 + Level 0.1 Short Blades
 + Level 0.5 Maces & Flails
 * Level 5.4 Crossbows
 * Level 0.6 Armour
 + Level 2.4 Dodging
 + Level 1.0 Stealth


You had 2 spell levels left.
You didn't know any spells.
Your spell library was empty.

Dungeon Overview and Level Annotations

Branches:
Dungeon (3/15)

Altars:
Dithmenos

Annotations:
D:3 Sigmund


Innate Abilities, Weirdness & Mutations

You reflexively headbutt those who attack you in melee.
You have a pair of horns on your head.
You have very sharp teeth.
You passively map a small area around you.
You do not regenerate when monsters are visible.


Message History

The bat barely misses you. Sigmund hits you but does no damage.
It was a potion of agility.
You feel agile all of a sudden. The bat hits you but does no damage.
It was a potion of curing.
You feel better. The bat misses you. You furiously retaliate!
You headbutt the bat!
You kill the bat!
Sigmund casts a spell at you. The magic dart hits you!
* * * LOW HITPOINT WARNING * * *
You closely miss Sigmund.
Sigmund is moderately wounded.
Sigmund casts a spell at you. The puff of flame misses you.
Sigmund closely misses you. You furiously retaliate!
You headbutt Sigmund. You closely miss Sigmund. You headbutt Sigmund.
Sigmund is heavily wounded.
Sigmund gestures at you while chanting. The magic dart hits you!
You die...

#.######### #.# ## ,
*#.# ##.## #.# ##...##
#.#.##.########.....##
.....................#
#.#.#...#####.......##
........# #.##†...#
..###...## #.#.@.#.#
#* ##.## #.#@###.# #.#
#.#. .# #.# #.#.* #+#
#..., , , ###. , #. *
#.,** * , ,


You could see Sigmund.

Vanquished Creatures
  3 adders (D:2)
  A ball python (D:2)
  3 giant cockroaches
  6 goblins
  2 hobgoblins
  A quokka (D:3)
  4 bats
  5 frilled lizards
  3 kobolds (D:1)
  7 rats
  A plant (D:1)
36 creatures vanquished.

Notes
Turn   | Place    | Note
-------+----------+-------------------------------------------
     0 | D:1      | Conn the Minotaur Hunter began the quest for the Orb.
     0 | D:1      | Reached XP level 1. HP: 18/18 MP: 0/0
   188 | D:1      | Reached XP level 2. HP: 24/25 MP: 1/1
   565 | D:1      | Reached skill level 5 in Crossbows
   807 | D:2      | Found a shadowy altar of Dithmenos.
   833 | D:2      | Reached XP level 3. HP: 19/30 MP: 2/2
  1280 | D:2      | Reached skill level 1 in Stealth
  1696 | D:3      | Noticed Sigmund
  1705 | D:3      | Gained mutation: You have very sharp teeth. [potion of
                  | mutation]
  1705 | D:3      | Gained mutation: You do not regenerate when monsters are
                  | visible. [potion of mutation]
  1705 | D:3      | Gained mutation: You passively map a small area around you.
                  | [potion of mutation]
  1710 | D:3      | Killed from afar by Sigmund

Levels and vault maps discovered:
D:1:      dpeg_arrival_snail, layout_rooms, serial_bayou, serial_bayou_shore_b,
          serial_bayou_pond_a, serial_bayou_pond_d, serial_bayou_lagoon_a
D:2:      layout_loops_cross, nicolae_dithmenos_shadow_blocks
D:3:      layout_loops_corners, marbit_many_paths, nemelex_lonely_heart_becter,
          uniq_sigmund, uniq_crazy_yiuf_cottage, uniq_robin, uniq_ijyb,
          uniq_natasha

Skill      XL: |  1  2  3 |
---------------+----------+-----
Crossbows      | 5 |  5.4
Stealth        | 1 |  1.0
Fighting       | |  2.9
Short Blades   | |  0.1
Maces & Flails | |  0.5
Armour         | |  0.6
Dodging        | |  2.4

Action                   || total
-------------------------++-------
Melee: Short sword       ||    71
       Headbutt          ||    19
       Mace              ||    50
 Fire: Hand crossbow     ||     4
  Use: Scroll            ||     1
       Potion            ||     4
  Eat: Chunk             ||     2
Armor: Leather armour    ||    24
Dodge: Dodged            ||    50

Table legend:
 A = Non-vault XP
 B = Vault XP
 C = Vault XP percentage of total XP
 D = Non-vault monster count
 E = Vault monster count
 F = Vault count percentage of total count
                 A         B        C        D         E       F
            +---------+---------+-------+---------+---------+-------
      Total |      87 |       0 |   0.0 |      35 |       0 |   0.0
            +---------+---------+-------+---------+---------+-------
        D:1 |      23 |       0 |   0.0 |      16 |       0 |   0.0
        D:2 |      58 |       0 |   0.0 |      15 |       0 |   0.0
        D:3 |       6 |       0 |   0.0 |       4 |       0 |   0.0
            +---------+---------+-------+---------+---------+-------
